 Dungeon Crawl Stone Soup version 0.31-a0-210-gccc998df9b (webtiles) character file.

Game seed: 166506961876007517

346 qw the Shooter (level 6, 0/37 HPs)
             Began as a Gargoyle Hexslinger on June 29, 2023.
             Slain by a killer bee (2 damage)
             ... on level 5 of the Dungeon.
             The game lasted 00:01:41 (3432 turns).

qw the Shooter (Gargoyle Hexslinger)                Turns: 3432, Time: 00:01:42

Health: 0/37       AC: 12    Str: 10 (12) XL:     6   Next: 59%
Magic:  7/7        EV: 10    Int: 12 (13) God:
Gold:   345        SH:  0    Dex: 17 (20) Spells: 6/7 levels left

rFire   . . .        Y - +1 sling (flame)
rCold   . . .        (no shield)
rNeg    + . .        c - +0 ring mail
rPois   inf          e - +0 helmet
rElec   +            (no cloak)
rCorr   .            k - +1 pair of gloves
SInv    .            (no boots)
Will    .....        (no amulet)
Stlth   +            g - +6 ring of dexterity
HPRegen 0.26/turn    (no ring)
MPRegen 0.10/turn

%: no passive effects
@: no status effects
A: sickness immunity, AC +4, negative energy resistance 1, electricity
resistance, torment resistance 1, petrification resistance
a: no special abilities


You were on level 5 of the Dungeon.
You visited 1 branch of the dungeon, and saw 5 of its levels.

You collected 345 gold pieces.


Innate Abilities, Weirdness & Mutations

You are immune to sickness and miasma.
Your stone body is resilient. (AC +4)
You are immune to poison.
You resist negative energy. (rN+)
You are resistant to electric shocks. (rElec)
You are resistant to unholy torment.
You are immune to petrification.


   Skills:
 + Level 3.0 Fighting
 - Level 6.0 Ranged Weapons
 - Level 1.2 Armour
 - Level 1.5 Dodging
 - Level 1.0 Spellcasting
 - Level 2.6 Hexes


You had 6 spell levels left.
You knew the following spells:

 Your Spells              Type           Power      Damage    Failure   Level
a - Slow                  Hex            28%        N/A       26%         1

Your spell library contained the following spells:

 Spells                   Type           Power      Damage    Failure   Level
 Inner Flame              Hex/Fire       3%         N/A       78%         3
 Portal Projectile        Hex/Tloc       6%         N/A       78%         3
 Cause Fear               Hex            3%         N/A       94%         4

Inventory:

Hand Weapons
 Y - a +1 sling of flaming (weapon)
Armour
 c - a +0 ring mail (worn)
 e - a +0 helmet (worn)
 k - a +1 pair of gloves (worn)
Jewellery
 g - a +6 ring of dexterity (left hand)
Scrolls
 b - a scroll of identify
Potions
 d - 2 potions of cancellation
 f - a potion of haste
 i - a potion of brilliance {unknown}

Dungeon Overview and Level Annotations

Branches:
Dungeon (5/15)
 Temple: D:4-7

Altars:
Cheibriados
Elyvilon

Annotations:
D:3 1 runed translucent door, Crazy Yiuf


Message History

You shoot a sling bullet. The sling bullet hits the killer bee.
The sling bullet burns the killer bee.
The killer bee is heavily wounded.
The killer bee stings you but does no damage. x3
The killer bee stings you.
The killer bee stings you but does no damage. x2
You shoot a sling bullet.
The sling bullet barely misses the killer bee.
The killer bee barely misses you. The killer bee stings you! x2
The killer bee closely misses you.
You shoot a sling bullet.
The sling bullet hits the killer bee but does no damage.
The killer bee is heavily wounded.
The killer bee closely misses you.
The killer bee stings you but does no damage.
The killer bee stings you. x2; The killer bee misses you.
The killer bee stings you but does no damage.
You shoot a sling bullet.
The sling bullet closely misses the killer bee.
The killer bee stings you but does no damage.
The killer bee closely misses you.
The killer bee stings you but does no damage.
The killer bee stings you.
You shoot a sling bullet.
The sling bullet barely misses the killer bee.
The killer bee stings you. x2; The killer bee barely misses you.
The killer bee stings you but does no damage.
The killer bee barely misses you.
The killer bee stings you but does no damage.
You shoot a sling bullet.
The sling bullet closely misses the killer bee.
The killer bee stings you but does no damage. x3
The killer bee barely misses you.
The killer bee stings you but does no damage.
The killer bee barely misses you.
You shoot a sling bullet.
The sling bullet barely misses the killer bee.
The killer bee stings you. The killer bee barely misses you.
The killer bee stings you.
You die...

############
#y@........#
#y#...####.########
#y##..# #........#
#y #''# ########.#
#. #..P# #<# .$
#__## #.# #. #}}#
#[# .. #### #.# #.#


You could see 4 killer bees.

Vanquished Creatures
  A jelly (D:4)
  4 orc priests
  Robin (D:4)
  5 adders
  3 gnolls (D:4)
  A worm (D:3)
  4 dart slugs
  4 orcs
  4 ball pythons
  13 bats
  5 endoplasms
  2 giant cockroaches
  15 goblins
  8 hobgoblins
  6 jackals (D:1)
  A kobold (D:1)
  9 quokkas
  10 frilled lizards
  5 rats
101 creatures vanquished.

Notes
Turn   | Place    | Note
-------+----------+-------------------------------------------
     0 | D:1      | qw the Gargoyle Hexslinger began the quest for the Orb.
     0 | D:1      | Reached XP level 1. HP: 12/12 MP: 2/2
     0 | D:1      | 0 ||| qw: Version: 0.3-a-24-ga2abf7b
     0 | D:1      | 0 ||| qw: Game counter: 6798
     0 | D:1      | 0 ||| qw: Melee chars always use a shield: true
     0 | D:1      | 0 ||| qw: God list: Okawaru
     0 | D:1      | 0 ||| qw: Allow faded altars: false
     0 | D:1      | 0 ||| qw: Do Orc after clearing Dungeon:15 true
     0 | D:1      | 0 ||| qw: Do second Lair branch before Depths: true
     0 | D:1      | 0 ||| qw: Lair rune preference: random
     0 | D:1      | 0 ||| qw: Goals: Normal
     0 | D:1      | 0 ||| PLANNING D:1-11
    64 | D:1      | Reached XP level 2. HP: 16/16 MP: 3/3
   114 | D:1      | HP: 4/16 [jackal (1)]
   115 | D:1      | Reached skill level 3 in Ranged Weapons
   119 | D:1      | HP: 3/16 [jackal (2)]
   141 | D:1      | 141 ||| FLEEEEING.
   142 | D:1      | 142 ||| FLEEEEING.
   143 | D:1      | 143 ||| FLEEEEING.
   144 | D:1      | 144 ||| FLEEEEING.
   145 | D:1      | 145 ||| FLEEEEING.
   161 | D:1      | 161 ||| FLEEEEING.
   316 | D:1      | Reached XP level 3. HP: 21/21 MP: 4/4
   333 | D:1      | HP: 5/21 [hobgoblin (2)]
   335 | D:1      | 335 ||| FLEEEEING.
   338 | D:1      | 338 ||| FLEEEEING.
   340 | D:1      | 340 ||| FLEEEEING.
   342 | D:1      | 342 ||| FLEEEEING.
   343 | D:1      | 343 ||| FLEEEEING.
   344 | D:1      | 344 ||| FLEEEEING.
   348 | D:1      | 348 ||| FLEEEEING.
   349 | D:1      | 349 ||| FLEEEEING.
   350 | D:1      | 350 ||| FLEEEEING.
   351 | D:1      | 351 ||| FLEEEEING.
   352 | D:1      | 352 ||| FLEEEEING.
   353 | D:1      | 353 ||| FLEEEEING.
   354 | D:1      | 354 ||| FLEEEEING.
   355 | D:1      | 355 ||| FLEEEEING.
   356 | D:1      | 356 ||| FLEEEEING.
   357 | D:1      | 357 ||| FLEEEEING.
   358 | D:1      | 358 ||| FLEEEEING.
   361 | D:1      | 361 ||| FLEEEEING.
   362 | D:1      | 362 ||| FLEEEEING.
   363 | D:1      | 363 ||| FLEEEEING.
   364 | D:1      | 364 ||| FLEEEEING.
   365 | D:1      | 365 ||| FLEEEEING.
   367 | D:1      | 367 ||| FLEEEEING.
   368 | D:1      | 368 ||| FLEEEEING.
   369 | D:1      | 369 ||| FLEEEEING.
   370 | D:1      | 370 ||| FLEEEEING.
   371 | D:1      | 371 ||| FLEEEEING.
   516 | D:1      | 516 ||| Stepping ~*~*~tactically~*~*~ (outnumbered).
   716 | D:1      | 716 ||| UPGRADING to +0 leather armour.
   726 | D:1      | 726 ||| DROPPING +0 robe.
   727 | D:1      | 727 ||| READING scroll labelled QITUFE GAPEIDO.
   728 | D:1      | 728 ||| READING scroll labelled XIOTTI XOSOYG.
   732 | D:1      | 732 ||| DROPPING scroll of poison.
   813 | D:2      | Reached XP level 4. HP: 24/26 MP: 5/5
   822 | D:2      | Reached skill level 4 in Ranged Weapons
  1233 | D:2      | 1233 ||| UPGRADING to +0 ring mail.
  1243 | D:2      | 1243 ||| DROPPING +0 leather armour.
  1244 | D:2      | 1244 ||| UPGRADING to +0 pair of gloves.
  1249 | D:2      | 1249 ||| DROPPING amulet of magic regeneration.
  1250 | D:2      | 1250 ||| READING 2 scrolls labelled MAEWIU SUPOAG MOKK.
  1251 | D:2      | 1251 ||| READING scroll of enchant armour.
  1251 | D:2      | 1251 ||| ENCHANTING +0 pair of gloves.
  1252 | D:2      | 1252 ||| READING scroll labelled EWNETE ICSARCH.
  1253 | D:2      | 1253 ||| READING scroll labelled HUIQOL VEIQO.
  1254 | D:2      | 1254 ||| DRINKING 2 bubbling sapphire potions.
  1328 | D:3      | Reached skill level 1 in Armour
  1663 | D:3      | Found a runed translucent door.
  1664 | D:3      | Noticed Crazy Yiuf
  1791 | D:3      | Reached XP level 5. HP: 30/30 MP: 6/6
  1873 | D:3      | 1873 ||| FLEEEEING.
  1874 | D:3      | 1874 ||| FLEEEEING.
  1875 | D:3      | 1875 ||| FLEEEEING.
  1876 | D:3      | 1876 ||| FLEEEEING.
  1877 | D:3      | 1877 ||| FLEEEEING.
  1878 | D:3      | 1878 ||| FLEEEEING.
  1882 | D:3      | 1882 ||| FLEEEEING.
  1883 | D:3      | 1883 ||| FLEEEEING.
  1884 | D:3      | 1884 ||| FLEEEEING.
  1887 | D:3      | 1887 ||| FLEEEEING.
  1888 | D:3      | 1888 ||| FLEEEEING.
  1889 | D:3      | 1889 ||| FLEEEEING.
  1890 | D:3      | 1890 ||| FLEEEEING.
  1891 | D:3      | 1891 ||| FLEEEEING.
  1892 | D:3      | 1892 ||| FLEEEEING.
  1893 | D:3      | 1893 ||| FLEEEEING.
  1894 | D:3      | 1894 ||| FLEEEEING.
  1895 | D:3      | 1895 ||| FLEEEEING.
  1896 | D:3      | 1896 ||| FLEEEEING.
  1897 | D:3      | 1897 ||| FLEEEEING.
  1898 | D:3      | 1898 ||| FLEEEEING.
  1902 | D:3      | 1902 ||| FLEEEEING.
  1903 | D:3      | 1903 ||| FLEEEEING.
  1904 | D:3      | 1904 ||| FLEEEEING.
  1905 | D:3      | 1905 ||| FLEEEEING.
  1910 | D:3      | 1910 ||| STAIRDANCE
  1937 | D:2      | 1937 ||| DROPPING scarf of harm.
  1938 | D:2      | 1938 ||| UPGRADING to +6 ring of dexterity.
  1939 | D:2      | 1939 ||| READING scroll labelled DAUMUX AWOESY.
  2040 | D:2      | 2040 ||| READING scroll labelled QECUGG QOTZOLL.
  2041 | D:2      | 2041 ||| READING scroll labelled HEMAZO IF JAK.
  2068 | D:3      | 2068 ||| STAIRDANCE
  2082 | D:2      | HP: 5/30 [orc/+0 flail (7)]
  2555 | D:3      | 2555 ||| DRINKING 3 cyan potions.
  2771 | D:4      | Reached skill level 5 in Ranged Weapons
  2843 | D:4      | Noticed Robin
  2848 | D:4      | Killed Robin
  2858 | D:4      | Reached skill level 3 in Fighting
  3178 | D:4      | Reached XP level 6. HP: 37/37 MP: 7/7
  3285 | D:4      | Reached skill level 6 in Ranged Weapons
  3339 | D:4      | 3339 ||| UPGRADING to +0 helmet.
  3344 | D:4      | 3344 ||| DROPPING ring of flight.
  3345 | D:4      | 3345 ||| DROPPING ring of wizardry.
  3346 | D:4      | 3346 ||| DRINKING 3 amethyst potions.
  3347 | D:4      | 3347 ||| DRINKING 3 bubbling black potions.
  3375 | D:4      | 3375 ||| READING 2 scrolls of identify.
  3375 | D:4      | 3375 ||| IDENTIFYING bubbling brown potion
  3376 | D:4      | 3376 ||| DROPPING 2 potions of degeneration.
  3377 | D:4      | 3377 ||| DROPPING 2 potions of lignification.
  3395 | D:5      | Entered Level 5 of the Dungeon
  3414 | D:5      | Found a white marble altar of Elyvilon.
  3414 | D:5      | Found a snail-covered altar of Cheibriados.
  3424 | D:5      | HP: 9/37 [killer bee (5)]
  3425 | D:5      | 3425 ||| DRINKING potion of heal wounds.
  3429 | D:5      | HP: 7/37 [killer bee (3)]
  3430 | D:5      | HP: 2/37 [killer bee (2)]
  3432 | D:5      | Slain by a killer bee

Levels and vault maps discovered:
D:1:      ncdulo_wetmaze, layout_rooms, st_stairs_2, dk_noncrumbling_4
D:2:      layout_rooms, minmay_lizard_pond
D:3:      layout_basic, uniq_crazy_yiuf_cottage
D:4:      layout_basic, uniq_robin
D:5:      kennysheep_spiral_hall, layout_loops_ring,
          gammafunk_temple_overflow_wave, nicolae_nh_ransacked_shop

Skill      XL: |  1  2  3  4  5  6 |
---------------+-------------------+-----
Ranged Weapons | 3 4 5 6 |  6.0
Fighting       | 2 3 |  3.0
Armour         | 1 |  1.2
Dodging        | |  1.5
Spellcasting   | |  1.0
Hexes          | |  2.6

Action                     |  1- 3 |  4- 6 || total
---------------------------+-------+-------++-------
   Fire: Sling             |   125 |   236 ||   361
    Use: Scroll            |     2 |     8 ||    10
         Potion            |       |     5 ||     5
 Armour: Robe              |    32 |       ||    32
         Leather armour    |     4 |    27 ||    31
         Ring mail         |       |    55 ||    55
  Dodge: Dodged            |    93 |    95 ||   188

Table legend:
 A = Non-vault XP
 B = Vault XP
 C = Vault XP percentage of total XP
 D = Non-vault monster count
 E = Vault monster count
 F = Vault count percentage of total count
                 A         B        C        D         E       F
            +---------+---------+-------+---------+---------+-------
      Total |     456 |      39 |   7.9 |      84 |      17 |  16.8
            +---------+---------+-------+---------+---------+-------
        D:1 |      65 |       3 |   4.4 |      34 |       2 |   5.6
        D:2 |      55 |       7 |  11.3 |      17 |       7 |  29.2
        D:3 |      93 |       0 |   0.0 |      15 |       0 |   0.0
        D:4 |     243 |      29 |  10.7 |      18 |       8 |  30.8
            +---------+---------+-------+---------+---------+-------
